 Dungeon Crawl Stone Soup version 0.29-a0-700-g2f1814c7b2 (webtiles) character file.

Game seed: 11140116333390634758

44 Lethe5 the Gusty (level 3, -3/31 HPs)
             Began as an Ogre Air Elementalist on June 26, 2022.
             Slain by an orc
             ... wielding a +1 vorpal mace
              (5 damage)
             ... on level 3 of the Dungeon.
             The game lasted 00:25:02 (2723 turns).

Lethe5 the Gusty (Ogre Air Elementalist)            Turns: 2723, Time: 00:25:03

Health: -3/31      AC:  3    Str: 12    XL:     3   Next: 60%
Magic:  2/7        EV:  9    Int: 18    God:
Gold:   207        SH:  5    Dex:  9    Spells: 6/7 levels left

rFire   . . .      SeeInvis .   o - +0 trident
rCold   . . .      Faith    .   (no shield)
rNeg    . . .      Spirit   .   a - +0 robe
rPois   .          Reflect  +   (helmet restricted)
rElec   .          Harm     .   (no cloak)
rCorr   .          Rampage  .   (gloves unavailable)
Will    .....                   (boots unavailable)
Stlth   +.........              d - amulet of reflection
HPRegen 0.10/turn               (no ring)
MPRegen 0.10/turn               (no ring)

@: studying Invocations
A: large, unfitting armour, tough skin 1
a: no special abilities


You were on level 3 of the Dungeon.
You visited 1 branch of the dungeon, and saw 3 of its levels.

You collected 207 gold pieces.

Inventory:

Hand Weapons
 f - a +0 hand axe
 h - a +0 mace
 o - a +0 trident (weapon)
Armour
 a - a +0 robe (worn)
Jewellery
 d - an amulet of reflection (around neck)
Scrolls
 g - a scroll of amnesia
 i - 2 scrolls of blinking {unknown}
 j - a scroll of summoning {unknown}
 l - 2 scrolls of teleportation {unknown}
 m - 3 scrolls of identify
 n - a scroll of poison {unknown}
Potions
 c - a potion of flight {unknown}
 e - 2 potions of curing {unknown}
 k - a potion of heal wounds {unknown}


   Skills:
 + Level 0.1 Fighting
 + Level 0.1 Polearms
 + Level 1.9 Dodging
 + Level 1.5 Stealth
 + Level 2.8 Spellcasting
 + Level 1.4 Conjurations
 + Level 3.4 Air Magic


You had 6 spell levels left.
You knew the following spells:

 Your Spells              Type           Power      Damage    Failure   Level
a - Shock                 Conj/Air       44%        1d5       6%          1

Your spell library contained the following spells:

 Spells                   Type           Power      Damage    Failure   Level
 Static Discharge         Conj/Air       11%        N/A       10%         2
 Swiftness                Air            14%        N/A       12%         3
 Airstrike                Air            7%         N/A       38%         4


Dungeon Overview and Level Annotations

Branches:
Dungeon (3/15)

Altars:
Elyvilon

Annotations:
D:2 Jessica


Innate Abilities, Weirdness & Mutations

You are too large for most types of armour.
You have tough skin. (AC +1)


Message History

Confirm with . or Enter, or press ? or * to list all spells.
Aiming: Shock (safe; 6% risk of failure)
Press: ? - help, Shift-Dir - straight line The zap misses the kobold.
The zap hits the kobold.
The kobold is heavily wounded.
You block the orc's attack. The kobold completely misses you.
Casting: Shock (safe; 6% risk of failure)
Confirm with . or Enter, or press ? or * to list all spells.
Aiming: Shock (safe; 6% risk of failure)
Press: ? - help, Shift-Dir - straight line The zap hits the kobold.
The kobold is severely wounded.
The zap hits the kobold.
You kill the kobold!
The orc barely misses you. The orc hits you with a +0 whip.
Unknown command.
Casting: Shock (safe; 6% risk of failure)
Confirm with . or Enter, or press ? or * to list all spells.
Aiming: Shock (safe; 6% risk of failure)
Press: ? - help, Shift-Dir - straight line The zap misses the orc. x2; The orc barely misses you.
The orc hits you with a +0 whip.
An orc wizard comes into view. It is wielding a +0 dagger.
The orc wizard shouts!
The orc wizard casts a spell at you. The magic dart hits you.
Items here: ( ) ÷ †.
The orc attacks as you move away! The orc hits you with a +1 vorpal mace.
* * * LOW HITPOINT WARNING * * *
x2 The orc attacks as you move away!
The orc hits you with a +0 whip.
* * * LOW HITPOINT WARNING * * *
As you read the scroll labelled PIOWKI CASORPH, it crumbles to dust.
It is a scroll of identify.
g - a scroll of amnesia The orc hits you with a +1 vorpal mace.
* * * LOW HITPOINT WARNING * * *
x2 The orc hits you with a +0 whip.
* * * LOW HITPOINT WARNING * * *
The orc attacks as you move away! The orc hits you with a +1 vorpal mace.
You die...

............. ...
..?.......# #....#.#
.# .###...:.#
#..(.#?# o###
........)#####..o ...
..8.8
.....[..r........ #.#
..÷÷.
.######..#.####.#
#.#...(.. #..#.#
#!###.#8..÷..
#....####.........!..
##.....@oo<.).#8.÷÷..
##..########## #####
#..# ########..#
#.........#
#.######.## ..# ####


You could see 2 orcs.

Vanquished Creatures
  An adder (D:2)
  A dart slug (D:1)
  An orc (D:3)
  3 endoplasms
  2 goblins
  3 hobgoblins
  3 quokkas
  5 ball pythons
  3 bats
  2 frilled lizards
  2 kobolds (D:3)
  7 rats
33 creatures vanquished.

Vanquished Creatures (others)
  A fungus (D:1)
  12 plants (D:1)
13 creatures vanquished.

Grand Total: 46 creatures vanquished

Notes
Turn   | Place    | Note
-------+----------+-------------------------------------------
     0 | D:1      | Lethe5 the Ogre Air Elementalist began the quest for the
                  | Orb.
     0 | D:1      | Reached XP level 1. HP: 16/16 MP: 3/3
   539 | D:1      | Reached skill level 3 in Air Magic
   756 | D:1      | Reached XP level 2. HP: 24/24 MP: 1/5
   913 | D:1      | Reached skill level 1 in Conjurations
  1497 | D:2      | Reached XP level 3. HP: 31/31 MP: 1/6
  1580 | D:2      | Identified the +5 plate armour of Misanthropy {Slay+3}
  2153 | D:2      | Found a white marble altar of Elyvilon.
  2236 | D:3      | Noticed Jessica
  2723 | D:3      | Slain by an orc

Illustrated notes

Levels and vault maps discovered:
D:1:      lemuel_arrival_muddy, layout_rooms, serial_glass, glass_columns_a,
          glass_columns_c, glass_columns_b, glass_columns_a,
          dreamdust_wishing_well, st_stairs_12
D:2:      layout_basic, basic_altar
D:3:      layout_loops_ring, shapermc_ecumenical_altar_pompeii, uniq_jessica,
          uniq_ijyb

Skill      XL: |  1  2 |
---------------+-------+-----
Air Magic      | 3 |  3.4
Conjurations   | 1 |  1.4
Fighting       | |  0.1
Polearms       | |  0.1
Dodging        | |  1.9
Stealth        | |  1.5
Spellcasting   | |  2.8

Action                   || total
-------------------------++-------
Melee: Unarmed           ||    62
       Punch             ||     1
       Hand axe          ||     6
       Trident           ||    14
 Cast: Shock             ||    53
  Use: Scroll            ||     1
       Potion            ||     1
Armor: Robe              ||    15
Dodge: Dodged            ||    38
Block: Other             ||    15

Table legend: (Time is in decaauts)
 A = Elapsed time spent in this place.
 B = Non-inter-level travel time spent in this place.
 C = Inter-level travel time spent in this place.
 D = Time resting spent in this place.
 E = Time spent auto-exploring this place.
 F = Levels seen in this place.
 G = Mean time per level.
                   A        B        C        D        E       F      G
               +--------+--------+--------+--------+--------+-----+--------+
         Total |   2730 |   2730 |      0 |    833 |    892 |   3 |  910.0 |
       Dungeon |   2730 |   2730 |      0 |    833 |    892 |   3 |  910.0 |
               +--------+--------+--------+--------+--------+-----+--------+

Top non-repeatable levels by time:
     D:2: 1417 daAuts
     D:1: 1242 daAuts
     D:3: 70 daAuts
